AoeStats
← AgusKing

MegaRandom

506546405Analyzed
4v4 RM · 19d ago on Sep 14, 2026· 54m 17s· 8 players
Game mode
Random Map
Map size
Large (8 player)
Population
200
Speed
Normal
Resources
Standard
Victory
Conquest
Starting age
Dark Age
Ending age
Imperial Age
RankedLock teamsTeams togetherTeam positionsShared explorationLock speedFull tech treeHidden civsTurbo modeCheats
Victory
Defeat
🇲🇽 Inca · Mexico
736
+13
🇨🇴 Burgundians · Colombia
587
+19
🇨🇦 Britons · Canada
586
+20
🇲🇦 Persians · Morocco
577
+20
🇧🇷 Franks · Brazil
702
-19
🇵🇪 Teutons · Peru
668
-18
🇨🇱 Slavs · Chile
658
-18
🇨🇱 Turks · Chile
643
-17
Carpeado BR
0:28 Loom
10:14 Feudal Age
11:50 Wheelbarrow
12:09 Man-at-Arms
18:10 Arson
27:25 Castle Age
25:45 Double-Bit Axe
28:08 Forging
28:04 Scale Barding Armor
27:51 Fletching
30:10 Husbandry
31:28 Bodkin Arrow
32:20 Crossbowman
35:56 Murder Holes
Mapuche Mayer
5:10 Loom
Matx108
7:37 Loom
10:08 Feudal Age
11:35 Double-Bit Axe
11:32 Horse Collar
11:23 Man-at-Arms
22:20 Castle Age
24:20 Crossbowman
27:05 Gold Mining
27:05 Stone Mining
35:36 Light Cavalry
36:35 Detinets
37:54 Bow Saw
44:08 Imperial Age
41:52 Bloodlines
41:43 Husbandry
41:38 Long Swordsman
44:24 Hussar
46:13 Two-Man Saw
44:44 Pikeman
45:36 Squires
45:08 Onager
47:45 Forging
47:42 Scale Barding Armor
47:44 Heavy Plow
47:57 Onager
49:51 Conscription
49:35 Murder Holes
51:59 Iron Casting
IBlink182
11:14 Feudal Age
12:08 Double-Bit Axe
16:02 Horse Collar
17:58 Gold Mining
24:55 Castle Age
23:55 Stone Mining
24:22 Scale Mail Armor
25:36 Town Watch
26:00 Heavy Plow
26:14 Bow Saw
28:20 Chain Mail Armor
30:28 Wheelbarrow
43:19 Imperial Age
43:19 Arson
42:56 Pikeman
43:28 Elite Teutonic Knight
44:42 Plate Mail Armor
45:50 Squires
48:15 Hoardings
48:03 Conscription
47:44 Halberdier
HeadShotFoo3416
10:55 Feudal Age
12:14 Wheelbarrow
11:27 Double-Bit Axe
14:56 Gold Mining
15:10 Stone Mining
15:46 Horse Collar
17:45 Fishing Lines
23:43 Castle Age
21:57 Man-at-Arms
24:50 Hand Cart
26:52 Bow Saw
27:10 Squires
27:08 Gambesons
27:05 Long Swordsman
29:44 Gold Shaft Mining
30:57 Arson
31:12 Fletching
31:23 Padded Archer Armor
31:34 Forging
31:25 Scale Mail Armor
36:51 Heavy Plow
40:13 Bodkin Arrow
40:34 Leather Archer Armor
40:29 Elite Skirmisher
45:54 Treadmill Crane
46:41 Ballistics
51:41 Imperial Age
51:58 Pikeman
54:24 Two-Man Saw
AgusKing
10:08 Loom
14:06 Feudal Age
15:21 Horse Collar
15:37 Fishing Lines
16:03 Double-Bit Axe
17:41 Champi Runner
19:46 Arson
20:00 Town Watch
20:51 Wheelbarrow
21:27 Gold Mining
26:14 Castle Age
25:27 Scale Mail Armor
25:37 Forging
26:27 Champi Warrior
27:12 Gillnets
27:57 Squires
28:40 Iron Casting
31:54 Chain Mail Armor
35:26 Hand Cart
36:15 Heavy Plow
36:26 Bow Saw
36:32 Bow Saw
37:12 Town Patrol
39:30 Fletching
45:02 Imperial Age
45:10 Elite Champi Warrior
46:13 Conscription
46:31 Hoardings
47:00 Blast Furnace
49:10 Plate Mail Armor
Jugador08479147
5:59 Double-Bit Axe
9:30 Fishing Lines
14:11 Feudal Age
15:08 Wheelbarrow
14:26 Man-at-Arms
16:47 Gold Mining
16:48 Stone Mining
21:55 Horse Collar
23:52 Bow Saw
30:16 Castle Age
29:05 Loom
31:14 Cavalier
31:51 Long Swordsman
55:41 Imperial Age
amrani.amrani
1:39 Loom
11:53 Feudal Age
12:17 Double-Bit Axe
13:32 Horse Collar
13:47 Town Watch
15:02 Wheelbarrow
19:26 Fishing Lines
25:59 Castle Age
26:42 Bow Saw
26:36 Heavy Plow
26:39 Town Patrol
34:24 Imperial Age
33:08 Hand Cart
34:24 Elite War Elephant
36:12 Padded Archer Armor
36:03 Fletching
36:23 Forging
38:28 Capped Ram
45:47 Bloodlines
48:38 Chemistry
47:59 Ballistics
47:31 Heated Shot
49:40 Two-Man Saw
48:35 Gold Mining
48:35 Stone Mining
49:23 Crop Rotation
49:12 Gillnets
49:32 Onager
52:29 Leather Archer Armor
52:10 Bodkin Arrow
52:51 Iron Casting
52:16 Scale Mail Armor
52:22 Scale Barding Armor
Connection lost

Rejoining the realm…

Still unreachable

The connection could not be restored.

Session expired

The server has moved on; the page needs a fresh start.